 Dungeon Crawl Stone Soup version 0.21-a0-476-gd103f4b (webtiles) character file.

88 theanonym the Poker (level 4, -5/37 HPs)
             Began as a Hill Orc Gladiator on Nov 22, 2017.
             Was an Initiate of the Shining One.
             Slain by Sigmund
             ... wielding a +0 scythe
              (19 damage)
             ... on level 2 of the Dungeon.
             The game lasted 00:02:32 (1808 turns).

theanonym the Poker (Hill Orc Gladiator)            Turns: 1808, Time: 00:02:33

Health: -5/37      AC:  5    Str: 22    XL:     4   Next: 53%
Magic:  4/4        EV: 12    Int: 13    God:    the Shining One [......]
Gold:   59         SH:  0    Dex: 12    Spells: 3/3 levels left

rFire    + . .     SeeInvis .   a - +0 trident
rCold    + . .     Gourm    .   (no shield)
rNeg     . . .     Faith    .   b - +0 leather armour
rPois    +         Spirit   .   c - +0 helmet
rElec    +         Reflect  .   (no cloak)
rCorr    +         Harm     .   g - +0 pair of gloves
MR       .....                  (no boots)
Stlth    +.........             (no amulet)
HPRegen  0.12/turn              (no ring)
MPRegen  0.09/turn              (no ring)

@: mighty, brilliant, resistant, glowing
A: no striking features
a: Renounce Religion


   Skills:
 - Level 2.4 Fighting
 + Level 5.7 Polearms
 - Level 1.7 Throwing
 - Level 2.4 Dodging


You had 3 spell levels left.
You didn't know any spells.

Skill      XL: |  1  2  3 |
---------------+----------+-----
Polearms       | 4 5 |  5.7
Fighting       | |  2.4
Throwing       | |  1.7
Dodging        | |  2.4

Action                   |  1- 3 |  4- 6 || total
-------------------------+-------+-------++-------
Melee: Trident           |   115 |    47 ||   162
Throw: Throwing net      |     3 |     2 ||     5
  Use: Potion            |       |     4 ||     4
 Stab: Held in net/web   |     3 |       ||     3
  Eat: Chunk             |     2 |     1 ||     3
Armor: Leather armour    |    19 |    11 ||    30
Dodge: Dodged            |    55 |    32 ||    87

Inventory:

Hand Weapons
 a - a +0 trident (weapon)
Armour
 b - a +0 leather armour (worn)
 c - a +0 helmet (worn)
 g - a +0 pair of gloves (worn)
   (You found it on level 1 of the Dungeon)
Jewellery
 p - an uncursed amulet of harm {unknown}
   (You found it on level 2 of the Dungeon)
 r - a cursed ring of teleportation {unknown}
   (You found it on level 2 of the Dungeon)
Scrolls
 e - a scroll of magic mapping {unknown}
 h - a scroll of identify {unknown}
 m - a scroll of immolation {unknown}
 n - a scroll of teleportation {unknown}
 o - 2 scrolls of enchant weapon {unknown}
 q - 2 scrolls of remove curse {unknown}
Comestibles
 f - a bread ration

Dungeon Overview and Level Annotations

Branches:
Dungeon (2/15)

Altars:
Makhleb
The Shining One

Annotations:
D:2 Sigmund


You were on level 2 of the Dungeon.
You worshipped the Shining One.
The Shining One was noncommittal.
You were not hungry.

You visited 1 branch of the dungeon, and saw 2 of its levels.

You collected 59 gold pieces.


Message History

There are monsters nearby!
There are monsters nearby!
There are monsters nearby!
You closely miss the adder. The adder bites you but does no damage.
A rat comes into view.
The adder bites you but does no damage.
The jackal pauses to sniff the ground.
The adder barely misses you.
You see here a club.
You barely miss the adder. The adder barely misses you.
You hit the adder. The adder bites you but does no damage.
You hit the adder. The adder bites you but does no damage.
The adder barely misses you.
You closely miss the adder. The adder bites you.
You take 1 damage, and have 32/37 hp.
You closely miss the adder. The adder barely misses you.
You barely miss the adder. The adder closely misses you.
You closely miss the adder. The adder barely misses you. The adder bites you.
You are poisoned.
The adder poisons you!
You take 1 damage, and have 31/37 hp.
You hit the adder.
You kill the adder!
You feel sick.
You take 1 damage, and have 30/37 hp.
You hit the rat.
You kill the rat!
You barely miss the jackal. The jackal misses you.
The jackal barely misses you.
You closely miss the jackal.
You feel sick. The jackal closely misses you.
You hit the jackal. The jackal bites you. The jackal closely misses you.
You take 1 damage, and have 29/37 hp.
You hit the jackal.
The jackal bites you but does no damage.
You hit the jackal.
You kill the jackal!
You feel sick.
You take 1 damage, and have 28/37 hp.
You hit the ooze. The ooze hits you but does no damage.
You hit the ooze but do no damage. The ooze barely misses you.
You hit the ooze but do no damage. The ooze misses you.
You hit the ooze.
You feel sick. The ooze closely misses you.
You take 1 damage, and have 27/37 hp.
You hit the ooze. The ooze barely misses you.
You puncture the ooze!
You kill the ooze!
No target in view!
No target in view!
No target in view!
You start resting.
You feel sick.
You are no longer poisoned.
You take 1 damage, and have 27/37 hp.
You start resting.
Health restored: 37
There is an open door here.
r - a golden ring You now have 59 gold pieces (gained 8).
Sigmund the Dreaded comes into view.
He is wielding a scythe.
Sigmund shouts!
Sigmund points at you and mumbles some strange words.
You are confused.
It was a potion of brilliance.
You feel clever all of a sudden.
It was a potion of resistance.
You feel protected.
Okay, then.
It was a potion of might.
You feel very mighty all of a sudden.
It was a potion of heal wounds.
You feel much better.
You feel less confused.
Sigmund points at you and mumbles some strange words.
You resist with some effort.
Found a scroll labeled TETOKOLLISK.
Sigmund barely misses you.
Sigmund drinks a potion.
Sigmund seems to grow stronger.
Found an escape hatch in the floor.
You hit Sigmund. Sigmund hits you with a scythe!
You take 13 damage, and have 24/37 hp.
MASSIVE DAMAGE!!
You puncture Sigmund!
Aim: Sigmund, wielding a scythe and wearing a runed robe (moderately wounded, unusually strong)
You throw a throwing net. The throwing net barely misses Sigmund.
Sigmund misses you.
A jackal comes into view.
Aim: Sigmund, wielding a scythe and wearing a runed robe (moderately wounded, unusually strong)
You throw a throwing net. The throwing net barely misses Sigmund.
The jackal barks!
Sigmund barely misses you.
You puncture Sigmund! The jackal misses you.
You hit Sigmund but do no damage. Sigmund hits you with a scythe!
* * * LOW HITPOINT WARNING * * *
The jackal barely misses you.
You take 11 damage, and have 13/37 hp.
MASSIVE DAMAGE!!
You puncture Sigmund! The jackal barely misses you. Sigmund closely misses you.
The jackal closely misses you.
You barely miss Sigmund. The jackal misses you.
You barely miss Sigmund. The jackal closely misses you.
Sigmund hits you with a scythe!!
Ouch! That really hurt!
You die...

#.##)##......#
#.##..+......#
#.#####......#
.#
#....##.######
... ####.##..
.... #.####
>.... #.#
......####.#
(.....@@...#
......h##.!#
..?.... ####
..####. . ##


You could see Sigmund and a jackal.

Notes
Turn   | Place    | Note
-------+----------+-------------------------------------------
     0 | D:1      | theanonym the Hill Orc Gladiator began the quest for the Orb.
     0 | D:1      | Reached XP level 1. HP: 18/18 MP: 1/1
    74 | D:1      | Reached skill level 4 in Polearms
    74 | D:1      | Reached XP level 2. HP: 17/25 MP: 2/2
   569 | D:2      | Reached XP level 3. HP: 19/30 MP: 3/3
   574 | D:2      | HP: 15/30 [hobgoblin (2)]
   579 | D:2      | HP: 12/30 [hobgoblin/club (2)]
  1079 | D:2      | Reached skill level 5 in Polearms
  1193 | D:2      | Found a burning altar of Makhleb.
  1193 | D:2      | Found a glowing golden altar of the Shining One.
  1413 | D:2      | Became a worshipper of the Shining One
  1501 | D:2      | Reached XP level 4. HP: 27/37 MP: 4/4
  1792 | D:2      | Noticed Sigmund
  1805 | D:2      | HP: 13/37 [Sigmund/scythe (11)]
  1808 | D:2      | Slain by Sigmund

Vanquished Creatures
  4 adders (D:2)
  An ooze (D:2)
  3 worms (D:2)
  A dart slug (D:1)
  3 leopard geckos
  2 bats
  A giant cockroach (D:1)
  5 goblins
  4 hobgoblins
  A jackal (D:2)
  2 quokkas (D:2)
  2 frilled lizards
  2 kobolds
  4 rats
35 creatures vanquished.
